Map: Oceanborn LE

Players

llllllllllll - Winner!

  • Race: Terran Terran
  • League: Grandmaster
  • Spawn Location: 5:00

Ashbringer

  • Race: Protoss Protoss
  • League: Grandmaster
  • Spawn Location: 11:00

VOD

Have the link to the VOD?

Description

Time

  • Played on: Dec. 21, 2023, 7:36 a.m.
  • Length: 10:59
Show
View Real Time Build Order
Export as new Build Order

llllllllllll Terran - Winner!

Build Orders:  

Get SALT Encoding   

  12  0:00  SCV  
  13  0:13  SCV  
  14  0:17  Supply Depot  
  14  0:25  SCV  
  15  0:39  SCV  
  15  0:40  Barracks  
  16  0:43  Refinery  
  16  0:51  SCV  
  17  1:03  SCV  
  18  1:15  SCV  
  19  1:30  Marine  
  19  1:31  Orbital Command  
  20  1:44  Command Center  
  20  1:48  Barracks Reactor  
  20  1:57  Supply Depot, SCV  
  21  2:09  SCV  
  21  2:11  Barracks  
  22  2:19  Barracks  
  22  2:21  SCV  
  23  2:25  Marine  
  23  2:26  Marine  
  25  2:33  SCV  
  26  2:43  Marine  
  27  2:44  Marine  
  27  2:45  SCV  
  29  2:56  Orbital Command  
  29  2:57  SCV  
  30  2:59  Barracks Tech Lab  
  30  3:03  Marine x2  
  32  3:06  Barracks Tech Lab  
  32  3:09  SCV  
  33  3:18  Supply Depot  
  33  3:19  Stimpack, Marauder  
  35  3:21  SCV x2  
  35  3:22  Marine  
  35  3:23  Marine  
  39  3:28  Marine  
  39  3:33  SCV  
  39  3:34  SCV, Refinery  
  42  3:40  Marine  
  43  3:41  Supply Depot  
  43  3:43  Combat Shield  
  43  3:45  SCV, Marine  
  43  3:46  SCV  
  46  3:50  Marine x2  
  48  3:58  SCV, Engineering Bay  
  48  4:00  SCV  
  48  4:01  Marine  
  48  4:02  Refinery  
  51  4:09  Supply Depot  
  51  4:10  Marine, SCV  
  51  4:12  Marine, SCV  
  55  4:18  Factory  
  55  4:19  Marine  
  55  4:22  Marauder  
  58  4:24  SCV  
  58  4:26  SCV  
  58  4:31  Terran Infantry Weapons Level 1  
  60  4:33  Supply Depot  
  60  4:37  Marine  
  60  4:38  Marauder  
  63  4:39  SCV  
  63  4:41  SCV  
  63  4:42  Marine  
  66  4:47  Marauder  
  66  4:51  SCV  
  69  4:56  SCV  
  69  4:57  Supply Depot  
  69  4:59  Marauder  
  71  5:00  Marine x2  
  71  5:03  SCV  
  71  5:04  Starport  
  71  5:05  Factory Reactor  
  74  5:08  SCV  
  74  5:09  Concussive Shells  
  74  5:12  Refinery  
  75  5:14  Marine  
  75  5:15  SCV  
  75  5:18  Marine  
  75  5:19  Supply Depot  
  75  5:20  SCV  
  79  5:27  SCV  
  82  5:28  Marauder  
  82  5:31  Marine  
  82  5:33  Marauder  
  84  5:43  Command Center  
  84  5:45  Marine  
  84  5:48  SCV, Marine  
  89  5:50  Marauder  
  89  5:51  Medivac  
  89  5:53  Medivac  
  89  5:56  Factory Tech Lab  
  93  6:02  Supply Depot x2  
  93  6:13  Marine x2  
  93  6:14  Marauder  
  93  6:15  SCV x2  
  101  6:24  Siege Tank  
  101  6:25  Barracks, Terran Infantry Armor Level 1  
  104  6:26  Barracks, Medivac x2  
  104  6:27  Marauder  
  104  6:29  SCV  
  104  6:31  SCV  
  110  6:33  Supply Depot  
  110  6:35  Marine  
  110  6:36  Marine  
  111  6:43  Marauder  
  113  6:47  SCV x2  
  113  6:50  Ghost Academy  
  115  6:57  Orbital Command  
  115  6:59  SCV  
  115  7:00  SCV  
  117  7:03  Siege Tank  
  117  7:05  Marine  
  121  7:13  SCV  
  120  7:17  Barracks Reactor, Barracks Tech Lab  
  120  7:18  Marauder, Marine  
  120  7:19  SCV  
  120  7:20  Marine  
  125  7:25  SCV  
  114  7:31  SCV  
  114  7:32  SCV  
  114  7:33  Refinery  
  114  7:36  Viking  
  114  7:37  Ghost  
  114  7:38  SCV  
  114  7:39  Ghost  
  120  7:45  Marine  
  120  7:49  Siege Tank  
  120  7:50  Marine  
  125  7:51  SCV x2  
  125  7:53  SCV  
  125  7:57  Refinery  
  128  8:00  Supply Depot  
  128  8:01  Supply Depot  
  128  8:04  Sensor Tower  
  128  8:06  Viking  
  128  8:07  Marauder  
  128  8:08  Viking, Marine  
  128  8:09  Ghost, Marine x4  
  128  8:10  SCV  
  140  8:22  SCV  
  140  8:24  Armory, Engineering Bay  
  140  8:26  Marine  
  140  8:27  Ghost, Supply Depot  
  142  8:28  SCV x2  
  142  8:31  Ghost  
  148  8:36  Viking  
  150  8:43  Ghost  
  150  8:44  Marine  
  150  8:45  Marine  
  154  8:57  Supply Depot  
  154  9:00  Marine  
  154  9:01  Marine  
  154  9:02  Supply Depot, SCV  
  161  9:03  Supply Depot  
  161  9:06  Command Center  
  161  9:09  Marine  
  161  9:16  Ghost  
  160  9:18  Viking  
  160  9:19  Marine x2  
  160  9:29  Marine x3  
  160  9:30  Barracks  
  163  9:31  Barracks x2  
  163  9:35  Marine  
  163  9:36  SCV x2  
  163  9:37  Marine  
  168  9:38  Marine  
  168  9:44  Marine  
  169  9:46  Viking  
  169  9:47  Marine x2  
  173  9:55  Marauder, Marine  
  173  9:56  Marine x2  
  178  10:03  Marauder  
  178  10:05  Siege Tank, Marine x2  
  185  10:11  SCV  
  185  10:12  Viking  
  185  10:13  Marine  
  189  10:18  Marauder x2, Marine x2  
  189  10:19  Marine  
  196  10:22  Marine  
  196  10:23  Marine x2  
  196  10:24  Marauder  
  197  10:31  Marine  
  177  10:35  Marine x2  
  177  10:37  Marine  
  177  10:39  Marine  
  177  10:40  Marine x2  
  177  10:41  Marine  
  150  10:47  SCV  
Show
View Real Time Build Order
Export as new Build Order

Ashbringer Protoss 

Build Orders: 1 Gate Expand, Phoenix Opening, Colossus Rush 

Get SALT Encoding   

  12  0:00  Probe  
  13  0:12  Probe  
  14  0:17  Pylon  
  14  0:24  Probe (Chrono Boost)  
  16  0:36  Gateway  
  16  0:37  Probe (Chrono Boost)  
  16  0:42  Probe (Chrono Boost)  
  16  0:45  Assimilator  
  17  0:53  Probe  
  18  1:05  Probe  
  19  1:17  Probe  
  20  1:24  Nexus  
  20  1:34  Cybernetics Core, Probe  
  20  1:39  Assimilator  
  21  1:46  Probe  
  22  1:48  Pylon  
  22  1:58  Probe  
  23  2:09  Sentry (Chrono Boost)  
  23  2:10  Probe (Chrono Boost)  
  23  2:14  Shield Battery  
  26  2:17  Warp Gate  
  26  2:22  Probe (Chrono Boost)  
  27  2:23  Stalker (Chrono Boost)  
  27  2:26  Probe (Chrono Boost)  
  30  2:33  Phoenix  
  30  2:36  Probe (Chrono Boost)  
  31  2:42  Probe (Chrono Boost)  
  31  2:43  Shield Battery  
  32  2:46  Probe (Chrono Boost)  
  32  2:50  Probe (Chrono Boost)  
  32  2:51  Probe (Chrono Boost)  
  34  2:52  Stalker  
  37  3:01  Probe  
  37  3:03  Probe, Forge  
  39  3:13  Probe  
  39  3:15  Probe  
  39  3:16  Twilight Council  
  41  3:25  Probe  
  41  3:27  Pylon  
  42  3:28  Probe  
  42  3:31  Protoss Ground Weapons Level 1 (Chrono Boost)  
  42  3:33  Robotics Facility  
  43  3:37  Gateway  
  43  3:42  Probe  
  43  3:45  Photon Cannon  
  45  3:52  Charge  
  45  3:55  Gateway  
  44  3:59  Gateway  
  44  4:03  Probe, Pylon  
  44  4:07  Probe  
  46  4:11  Pylon  
  46  4:13  Stalker  
  48  4:19  Immortal (Chrono Boost)  
  52  4:24  Probe  
  52  4:25  Probe  
  52  4:29  Assimilator  
  52  4:31  Assimilator  
  54  4:35  Stalker  
  54  4:36  Probe  
  54  4:37  Probe  
  58  4:41  Pylon  
  58  4:47  Zealot  
  58  4:48  Probe  
  58  4:50  Probe  
  62  4:58  Warp Prism (Chrono Boost)  
  62  4:59  Robotics Bay  
  62  5:06  Gateway  
  64  5:09  Gateway  
  64  5:11  Sentry  
  66  5:15  Zealot  
  66  5:17  Zealot  
  66  5:20  Protoss Ground Weapons Level 2 (Chrono Boost)  
  70  5:32  Pylon  
  70  5:39  Pylon  
  70  5:42  Zealot x4  
  78  5:47  Colossus (Chrono Boost)  
  78  5:55  Pylon  
  76  6:08  Nexus  
  76  6:10  Probe  
  76  6:11  Probe, Colossus (Chrono Boost)  
  76  6:20  Extended Thermal Lance  
  76  6:21  Sentry x2  
  76  6:23  Probe x2  
  82  6:29  Shield Battery  
  82  6:30  Zealot  
  84  6:35  Probe  
  84  6:38  Colossus (Chrono Boost)  
  85  6:42  Probe  
  92  6:48  Stalker  
  92  6:50  Stalker  
  96  6:56  Photon Cannon  
  96  7:00  Stalker  
  98  7:01  Probe  
  98  7:02  Probe  
  98  7:07  Pylon  
  100  7:12  Zealot x2  
  100  7:15  Zealot  
  91  7:31  Zealot x3  
  92  7:42  Colossus (Chrono Boost)  
  91  7:49  Zealot x3  
  97  7:53  Templar Archives  
  97  7:57  Sentry x2  
  101  8:13  Pylon  
  101  8:15  Pylon  
  101  8:21  Pylon x2  
  101  8:29  Warp Prism (Chrono Boost)  
  101  8:33  High Templar x2, Zealot x4  
  115  8:38  Archon  
  115  8:54  High Templar x2, Zealot x2  
  123  8:58  Archon  
  123  9:17  Nexus  
  123  9:20  High Templar x2  
  123  9:21  Zealot x2  
  129  9:24  Shield Battery  
  129  9:29  Archon  
  129  9:40  Pylon  
  133  9:50  Pylon  
  133  10:00  Zealot x4  
  133  10:05  Pylon  
  137  10:21  Probe  
  137  10:25  Zealot x6  
  150  10:33  Probe  
  125  10:42  Robotics Facility  
  85  10:44  Zealot x2  
  85  10:49  Zealot  
  75  10:50  Zealot x3  
Tags
 
Add a new tag
Caveats
  • Supply blocks, unpowered buildings, or Contaminate may cause inaccurate times.
  • Supply counts are checked every 10 seconds.